 Dungeon Crawl Stone Soup version 0.13-a0-2531-g2ad9301 (webtiles) character file.

1400 Kae the Ruinous (level 8, -5/41 HPs)
             Began as a Tengu Fire Elementalist on July 26, 2013.
             Was a Believer of Vehumet.
             Slain by a killer bee (7 damage)
             ... on Level 7 of the Dungeon.
             The game lasted 00:15:38 (7852 turns).

Kae the Ruinous (Tengu Fire Elementalist)           Turns: 7852, Time: 00:15:38

HP  -5/41        AC  8     Str  9      XL: 8   Next: 21%
MP  11/20        EV 12     Int 24      God: Vehumet [**....]
Gold 388         SH  0     Dex 14      Spells:  6 memorised,  3 levels left

Res.Fire  : . . .   See Invis. : .   t - +3,+1 elf dagger (protect) (curse)
Res.Cold  : . . .   Warding    : .   a - +0 robe
Life Prot.: . . .   Conserve   : .   (no shield)
Res.Poison: .       Res.Corr.  : .   (helmet restricted)
Res.Elec. : .       Clarity    : .   (no cloak)
Sust.Abil.: . .     Spirit.Shd : .   F - +0 pair of elf gauntlets
Res.Mut.  : .       Stasis     : .   (boots unavailable)
Res.Rott. : .       Flight     : .   v - amulet of rage
Saprovore : . . .                    m - cursed +6 ring of intelligence
                                     y - ring of teleport control

@: mildly poisoned, slightly resistant to hostile enchantments, fairly stealthy
A: able to fly, beak, talons 3
a: Fly, Renounce Religion, Evoke Berserk Rage, Evoke Teleport Control


You were on level 7 of the Dungeon.
You worshipped Vehumet.
Vehumet was most pleased with you.
You were not hungry.

You visited 1 branch of the dungeon, and saw 7 of its levels.

You collected 368 gold pieces.

Inventory:

Hand weapons
 t - a cursed +3,+1 elven dagger of protection (weapon)
 z - a cursed -1,-2 orcish dagger (quivered)
Armour
 a - a +0 robe (worn)
 F - a +0 pair of elven gauntlets (worn)
Magical devices
 c - a wand of frost (0)
 n - a wand of hasting (2)
Comestibles
 l - 2 apples
 p - a bread ration
 x - 2 apricots
 C - 2 oranges
Scrolls
 d - 3 scrolls of remove curse
 e - 2 scrolls of identify
 g - 3 scrolls of blinking
 j - 4 scrolls of fear
 k - 2 scrolls of enchant weapon II
 r - a scroll of teleportation
 s - a scroll of fog {unknown}
 B - 2 scrolls of immolation {unknown}
 E - a scroll of enchant weapon I {unknown}
 G - 2 scrolls of recharging {unknown}
Jewellery
 h - an uncursed amulet of stasis
 m - a cursed +6 ring of intelligence (right hand)
 v - an amulet of rage (around neck)
 y - a ring of teleport control (left hand)
 D - an uncursed amulet of conservation
Potions
 i - a potion of brilliance
 o - a potion of restore abilities {unknown}
 q - a potion of mutation
 w - a potion of heal wounds {unknown}
 A - a potion of resistance {unknown}
Books
 b - a book of Flames

   Spells                             Type                      Level
   *Flame Tongue                      Conjuration/Fire             1
   *Throw Flame                       Conjuration/Fire             2
   *Conjure Flame                     Conjuration/Fire             3
   Inner Flame                        Hexes/Fire                   3
   *Sticky Flame                      Conjuration/Fire             4
   Fireball                           Conjuration/Fire             5
 u - a book of the Dragon

   Spells                             Type                      Level
   Flight                             Charms/Air                   3
   Cause Fear                         Hexes                        4
   Bolt of Fire                       Conjuration/Fire             6
   Dragon Form                        Transmutation                7
   Summon Dragon                      Summoning                    9


   Skills:
 - Level 2.1 Dodging
 - Level 2.0 Stealth
 + Level 4.1 Spellcasting
 + Level 7.8 Conjurations
 * Level 6.8 Fire Magic


You had 3 spell levels left.
You knew the following spells:

 Your Spells              Type           Power        Failure   Level  Hunger
a - Flame Tongue          Conj/Fire      #####        1%          1    None
b - Throw Flame           Conj/Fire      #####.       1%          2    None
c - Conjure Flame         Conj/Fire      #####...     1%          3    ###....
d - Shock                 Conj/Air       ###.         1%          1    None
e - Sticky Flame          Conj/Fire      #####...     6%          4    ####...
f - Sting                 Conj/Pois      ###.         1%          1    None


Dungeon Overview and Level Annotations

Branches:
Dungeon (7/27)             Temple (0/1) D:4
    Orc: D:6-11

Altars:
Ashenzari
Fedhas
Nemelex Xobeh
Vehumet
Zin
the Shining One

Annotations
D:4 1 exclusion


Innate Abilities, Weirdness & Mutations

You can fly.
You have a beak for a mouth.
You have claws for feet.


Message History

Press: ? - help, Shift-Dir - straight line, f/p - killer bee
Aim: a killer bee (heavily wounded)
The flame misses the killer bee.
The killer bee misses you. The killer bee stings you.
* * * LOW HITPOINT WARNING * * *
Casting: Flame Tongue
Confirm with . or Enter, or press ? or * to list all spells.
Aiming: Flame Tongue
Press: ? - help, Shift-Dir - straight line, f/p - killer bee
Aim: a killer bee (heavily wounded)
The flame hits the killer bee.
The killer bee is severely wounded.
* * * LOW HITPOINT WARNING * * *
You feel sick.
You feel better. The killer bee stings you!
* * * LOW HITPOINT WARNING * * *
You are poisoned.
The killer bee poisons you! The killer bee stings you!
You die...

###...##.##.###...
..................#
###...#..##..##...#
#
##.........##...##
#####........#.....
......#.<##..#....#
..................#
...............#.##
......#####....#@#
......# #.....#k#
......# #.....#%#
...... #.....#.#
##### ######.....#
#........###
#.####...# #..(#
#...#


You could see a killer bee.

Vanquished Creatures
  An ice beast (D:6)
  2 centaurs
  A giant frog (D:6)
  A killer bee (D:7)
  An orc priest (D:4)
  A hound (D:6)
  2 centaur zombies
  2 crimson imps
  An iguana (D:5)
  A scorpion (D:6)
  2 worker ants
  6 orc wizards
  A jelly (D:4)
  A gnoll (D:7)
  6 adders
  2 giant mites (D:4)
  5 worms
  6 giant geckos
  13 orcs
  2 ball pythons
  8 bats
  A bat skeleton (D:3)
  2 giant cockroaches
  8 hobgoblins
  5 jackals (D:2)
  4 quokkas
  5 giant newts
  12 goblins
  A goblin zombie (D:3)
  A hobgoblin skeleton (D:6)
  7 kobolds
  An orc zombie (D:6)
  13 rats
125 creatures vanquished.

Notes
Turn   | Place    | Note
--------------------------------------------------------------
     0 | D:1      | Kae, the Tengu Fire Elementalist, began the quest for the Orb.
     0 | D:1      | Reached XP level 1. HP: 10/10 MP: 3/3
    87 | D:1      | Reached XP level 2. HP: 3/15 MP: 1/5
   992 | D:1      | Reached XP level 3. HP: 19/19 MP: 7/7
  1966 | D:2      | Found a blossoming altar of Fedhas.
  2133 | D:2      | Reached XP level 4. HP: 24/24 MP: 6/8
  2278 | D:2      | Found a radiant altar of Vehumet.
  2295 | D:2      | Became a worshipper of Vehumet
  2313 | D:2      | Reached skill level 4 in Conjurations
  2333 | D:2      | Learned a level 2 spell: Throw Flame
  2337 | D:2      | Learned a level 3 spell: Conjure Flame
  2456 | D:2      | Found a glowing golden altar of the Shining One.
  2497 | D:2      | Found a sparkling altar of Nemelex Xobeh.
  3293 | D:3      | Reached XP level 5. HP: 10/28 MP: 3/11
  3744 | D:3      | Reached skill level 5 in Conjurations
  4491 | D:4      | Noticed a phantom
  4540 | D:4      | HP: 1/28 [phantom (2)]
  4771 | D:4      | Reached XP level 6. HP: 28/32 MP: 11/13
  4772 | D:4      | Acquired Vehumet's first power
  4772 | D:4      | Offered knowledge of Shock by Vehumet.
  4818 | D:4      | Learned a level 1 spell: Shock
  4966 | D:4      | Found a staircase to the Ecumenical Temple.
  5354 | D:4      | Reached skill level 6 in Conjurations
  5642 | D:5      | Entered Level 5 of the Dungeon
  6031 | D:5      | Reached XP level 7. HP: 36/36 MP: 16/16
  6166 | D:5      | Learned a level 4 spell: Sticky Flame
  6283 | D:5      | Reached skill level 5 in Fire Magic
  6442 | D:5      | Found a blossoming altar of Fedhas.
  6448 | D:5      | Reached skill level 7 in Conjurations
  6803 | D:6      | Found a shattered altar of Ashenzari.
  7223 | D:6      | Found a glowing silver altar of Zin.
  7233 | D:6      | Reached XP level 8. HP: 41/41 MP: 16/20
  7393 | D:6      | Offered knowledge of Sting by Vehumet.
  7457 | D:6      | Learned a level 1 spell: Sting
  7852 | D:7      | HP: 2/41 [killer bee (7)]
  7852 | D:7      | Slain by a killer bee

Action                   |  1- 3 |  4- 6 |  7- 9 || total
-------------------------+-------+-------+-------++-------
Melee: Unarmed           |    28 |       |       ||    28
       Dagger            |     1 |    77 |     7 ||    85
 Cast: Flame Tongue      |    64 |   113 |    74 ||   251
       Throw Flame       |       |    13 |    15 ||    28
       Conjure Flame     |       |     6 |       ||     6
       Sticky Flame      |       |       |     1 ||     1
Evoke: Wand              |       |     2 |     5 ||     7
  Use: Potion            |       |     2 |     2 ||     4
       Scroll            |       |    11 |       ||    11
 Stab: Sleeping          |       |     1 |       ||     1
